 Dungeon Crawl Stone Soup version 0.30-a0-779-g7971cf19c3 (webtiles) character file.

Game seed: 8324810465970149559

4067 sanka the Skirmisher (level 9, -15/67 HPs)
             Began as a Demigod Hunter on Feb 18, 2023.
             Demolished by Amaemon
             ... wielding a -1 demon whip of venom
              (18 damage)
             ... on level 8 of the Dungeon.
             The game lasted 00:13:12 (9034 turns).

sanka the Skirmisher (Demigod Hunter)               Turns: 9034, Time: 00:13:13

Health: -15/67     AC:  3    Str: 12    XL:     9   Next: 76%
Magic:  11/11      EV: 20    Int: 11    God:
Gold:   496        SH:  0    Dex: 31    Spells: 8/8 levels left

rFire   . . .      SeeInvis .    a - +0 arbalest
rCold   . . .      Faith    .    (shield currently unavailable)
rNeg    . . .      Spirit   .    D - +0 robe of the Equator {Dex+2}
rPois   +          Reflect  .    (no helmet)
rElec   .          Harm     .    y - +0 cloak
rCorr   .          Rampage  .    (no gloves)
Will    .....                    (no boots)
Stlth   +++                      (no amulet)
HPRegen 0.31/turn                (no ring)
MPRegen 0.12/turn                f - ring of poison resistance

@: lethally poisoned (-15 -> -21)
A: high MP 1, forlorn, divine attributes
a: no special abilities


You were on level 8 of the Dungeon.
You visited 1 branch of the dungeon, and saw 8 of its levels.

You collected 496 gold pieces.


Innate Abilities, Weirdness & Mutations

You have an increased reservoir of magic. (+10% MP)
You shall have no god before yourself.
Your divine heritage dramatically boosts your attributes as you level up.


   Skills:
 - Level 2.0 Fighting
 - Level 12.0 Ranged Weapons
 + Level 7.1 Dodging
 - Level 0.8 Stealth


You had 8 spell levels left.
You didn't know any spells.
Your spell library contained the following spells:

 Spells                   Type           Power      Damage    Failure   Level
 Kiss of Death            Conj/Necr      0%         2d5       34%         1
 Magic Dart               Conj           0%         1d3       34%         1
 Blink                    Tloc           0%         N/A       47%         2
 Searing Ray              Conj           0%         2d4       47%         2
 Confusing Touch          Hex            0%         N/A       71%         3
 Dispel Undead            Necr           0%         3d6       98%         4
 Fulminant Prism          Conj/Hex       0%         3d5       98%         4
 Manifold Assault         Tloc           0%         N/A       98%         4
 Storm Form               Tmut/Air       0%         N/A       100%        7

Inventory:

Hand Weapons
 a - a +0 arbalest (weapon)
 n - a +0 shortbow of flaming
Armour
 y - a +0 cloak (worn)
 D - the +0 robe of the Equator (worn) {Dex+2}

   Dex:       It affects your dexterity (+2).
Jewellery
 c - a +6 ring of intelligence
 f - a ring of poison resistance (right hand)
Wands
 t - a wand of roots (15)
 F - a wand of paralysis (8)
Scrolls
 b - 5 scrolls of immolation {!r}
 e - a scroll of fog
 g - 6 scrolls of poison
 h - a scroll of fear {unknown}
 l - 3 scrolls of teleportation {@r4}
 p - a scroll of torment {!r}
 s - 2 scrolls of silence {!r}
 x - 2 scrolls of blinking
 z - a scroll of vulnerability {!r}
 A - 3 scrolls of enchant weapon
 C - a scroll of enchant armour
Potions
 d - 5 potions of heal wounds {@q2}
 i - a potion of resistance {unknown}
 j - 7 potions of curing {unknown}
 k - a potion of haste {@q3}
 m - 3 potions of mutation {unknown}
 o - a potion of ambrosia {unknown}
 q - 2 potions of invisibility {unknown}
 r - 4 potions of might {unknown}
 u - a potion of brilliance {unknown}
 v - a potion of berserk rage {unknown}
 w - a potion of attraction {unknown}
 B - a potion of degeneration {unknown}

Dungeon Overview and Level Annotations

Branches:
Dungeon (8/15)             Temple (0/1) D:5
   Lair: D:8-11

Shops:
D:4 *   D:8 *

Portals:
Abyss: D:8

Annotations:
D:6 1 runed translucent door, Crazy Yiuf
D:8 2 transporters, Amaemon; Gnu's ghost, novice MiFi

░ ░░░ ░░░ ░ ░,░░░░░░,░
░░░░░░░░░░ ░,,†,,,,,░░
,,,,,,,,,░
▒▒▒░░░░░░░░░,░░░░░░,░░
░░░░░░░░,░ ▒..,,,,,,,,,,░
░,░░ ░ ▒.▒
▒.▒▒▒▒▒▒▒▒▒▒▒░░░░░░,░░ ░
▒.▒ ▒.▒▒.p6#.....,,,,,░'░░
░
▒.▒▒▒'▒▒.▒▒▒▒....,,,,,,,,░
░ ▒▒▒▒.▒......▒
░,,,.,,,,,,,,░ ░
▒...........▒
░,,,,,,,,,,,,░ ░
▒...........▒
░,,,,,,,,,,,,░ ░
▒...........▒
░,,,,,,,,,,,,░
░░░░▒...........▒
░,,,,,,,,,,,,░
,......▒.▒......▒
░,,,,,,,,,,,,,
░▒▒▒▒▒.▒.▒......▒
░,,,,,,,,,,,,░


You could see Amaemon.


Message History

Amaemon completely misses you.
You shoot a bolt. The bolt hits Amaemon.
Amaemon is severely wounded.
Amaemon hits you with a -1 demon whip of venom.
You are poisoned.
Amaemon claws you. Amaemon tail-slaps you.
* * * LOW HITPOINT WARNING * * *
You shoot a bolt. The bolt barely misses Amaemon.
The bolt hits the scorpion!!
You kill the scorpion!
You feel very sick.
Amaemon hits you with a -1 demon whip of venom!
* * * LOW HITPOINT WARNING * * *
Amaemon claws you.
* * * LOW HITPOINT WARNING * * *
Amaemon completely misses you. Amaemon closely misses you. Amaemon claws you.
* * * LOW HITPOINT WARNING * * *
Amaemon closely misses you.
You shoot a bolt. The bolt hits Amaemon!
Amaemon is almost dead.
* * * LOW HITPOINT WARNING * * *
You feel very sick.
Amaemon hits you with a -1 demon whip of venom!!
You die...

Action                     |  1- 3 |  4- 6 |  7- 9 || total
---------------------------+-------+-------+-------++-------
   Fire: Shortbow          |   105 |   161 |   184 ||   450
         Arbalest          |       |       |    43 ||    43
  Evoke: Wand              |       |     2 |    13 ||    15
    Use: Scroll            |       |     7 |     4 ||    11
         Potion            |       |       |     2 ||     2
 Armour: Leather armour    |    13 |     2 |       ||    15
         Robe              |       |    34 |     7 ||    41
  Dodge: Dodged            |    36 |    98 |    70 ||   204

Levels and vault maps discovered:
D:1:      giann_wishing_wells, layout_loops_corners, serial_co_window_serial,
          co_window_paths_a, co_window_paths_b, co_window_paths_a,
          co_window_cross_1, co_window_paths_b, co_window_corner_a,
          co_window_cross_2, co_window_2corner, co_window_unsneaky_path_a,
          glass_columns_a, basic_ecumenical_altar
D:2:      layout_rooms, basic_altar
D:3:      layout_basic, kennysheep_orc_chapel, uniq_natasha
D:4:      layout_layer_cave, serial_shops, nicolae_stop_n_shop_2,
          minmay_misc_feat_room, minmay_misc_feat_x
D:5:      layout_layer_cave, mainiacjoe_overflow_six_doors_small,
          minmay_temple_entry_crystal_x, goddamned_bats
D:6:      nicolae_cairo_tiling_very_big, layout_loops_ring,
          sigmund_edmund_badplayer, uniq_crazy_yiuf_cottage, uniq_grinder,
          uniq_menkaure
D:7:      layout_loops_cross, nicolae_overflow_hallway_of_the_gods,
          hellmonk_guarded_unrand_gong, uniq_duvessa
D:8:      layout_basic, serial_shops, shop, gammafunk_ghost_abyssal_escape,
          minmay_misc_feat_secret_circle, uniq_amaemon

Notes
Turn   | Place    | Note
-------+----------+-------------------------------------------
     0 | D:1      | sanka the Demigod Hunter began the quest for the Orb.
     0 | D:1      | Reached XP level 1. HP: 17/17 MP: 3/3
   165 | D:1      | Reached skill level 2 in Fighting
   268 | D:1      | Reached skill level 4 in Ranged Weapons
   291 | D:1      | Reached XP level 2. HP: 24/24 MP: 4/4
  1181 | D:2      | Reached XP level 3. HP: 17/29 MP: 5/5
  1726 | D:3      | Noticed Natasha
  1735 | D:3      | Killed Natasha
  1736 | D:3      | Reached skill level 5 in Ranged Weapons
  1786 | D:3      | Noticed Natasha
  1794 | D:3      | Killed Natasha
  1795 | D:3      | Reached XP level 4. HP: 17/36 MP: 6/6
  1916 | D:3      | Noticed Natasha
  1920 | D:3      | Killed Natasha
  2115 | D:3      | Reached skill level 6 in Ranged Weapons
  2115 | D:3      | Reached XP level 5. HP: 15/41 MP: 7/7
  2573 | D:4      | Found Mautud's Assorted Antiques.
  3304 | D:5      | Entered Level 5 of the Dungeon
  3466 | D:5      | Reached XP level 6. HP: 41/48 MP: 8/8
  3589 | D:5      | Reached skill level 7 in Ranged Weapons
  3593 | D:5      | HP: 4/48 [orc/+0 whip (3)]
  3988 | D:5      | Identified the +0 robe of the Equator {Dex+2}
  4501 | D:5      | Found a staircase to the Ecumenical Temple.
  4565 | D:6      | Reached skill level 8 in Ranged Weapons
  4565 | D:6      | Reached XP level 7. HP: 29/55 MP: 9/9
  4731 | D:6      | Identified the +1 scale mail of Entitlement {Harm rElec
                  | Str-3 Int-2}
  4843 | D:6      | Reached skill level 9 in Ranged Weapons
  4983 | D:6      | Noticed Menkaure
  4988 | D:6      | Killed Menkaure
  5255 | D:6      | Reached XP level 8. HP: 55/61 MP: 10/10
  5301 | D:6      | Found a runed translucent door.
  5302 | D:6      | Noticed Crazy Yiuf
  5383 | D:6      | Reached skill level 10 in Ranged Weapons
  5471 | D:6      | Noticed Grinder
  5473 | D:6      | Noticed Edmund
  5490 | D:6      | Killed Edmund
  5491 | D:6      | Paralysed by Grinder for 3 turns
  5495 | D:6      | Noticed Sigmund
  5495 | D:6      | Paralysed by Grinder for 3 turns
  5502 | D:6      | Killed Grinder
  5506 | D:6      | Killed Sigmund
  5507 | D:6      | Reached skill level 11 in Ranged Weapons
  6702 | D:7      | Noticed a vault sentinel
  6702 | D:7      | Noticed a vault sentinel
  6776 | D:7      | Noticed Duvessa
  6776 | D:7      | Noticed Dowan
  6899 | D:7      | Reached XP level 9. HP: 65/67 MP: 11/11
  6924 | D:7      | Killed Duvessa
  6925 | D:7      | Reached skill level 12 in Ranged Weapons
  6925 | D:7      | Reached skill level 2 in Dodging
  6942 | D:7      | Killed Dowan
  7023 | D:7      | Found the +18 shield of the Gong {Loud rN+ Will+ rCorr
                  | EV-5}
  7133 | D:7      | Reached skill level 3 in Dodging
  7260 | D:7      | Killed a vault sentinel
  7261 | D:7      | Reached skill level 4 in Dodging
  7267 | D:7      | Killed a vault sentinel
  7268 | D:7      | Reached skill level 5 in Dodging
  7588 | D:8      | Reached skill level 6 in Dodging
  7704 | D:8      | Found a transporter.
  7709 | D:8      | Noticed an ancient zyme
  7724 | D:8      | Found a one-way gate to the infinite horrors of the Abyss.
  7724 | D:8      | Noticed Gnu's ghost (novice MiFi)
  7798 | D:8      | Found a transporter.
  8079 | D:8      | Noticed an orange demon
  8079 | D:8      | Noticed Amaemon
  8138 | D:8      | Killed an orange demon
  8139 | D:8      | Reached skill level 7 in Dodging
  8576 | D:8      | Found Gicaluj's Assorted Antiques.
  8656 | D:8      | Found a one-way gate to the infinite horrors of the Abyss.
  8903 | D:8      | Found a transporter.
  8935 | D:8      | Found a transporter.
  8997 | D:8      | Found Gicaluj's Assorted Antiques.
  9033 | D:8      | HP: 6/67 [Amaemon/-1 demon whip of venom (3)]
  9034 | D:8      | Demolished by Amaemon

Vanquished Creatures
  2 vault sentinels (D:7)
  An orange demon (D:8)
  Grinder (D:6)
  Sigmund (D:6)
  A wraith (D:6)
  A wyvern (D:8)
  A steam dragon (D:7)
  Menkaure (D:6)
  Edmund (D:6)
  Duvessa (D:7)
  An orc warrior (D:6)
  A black bear (D:6)
  2 sky beasts
  2 ogres (D:6)
  3 centaurs (D:6)
  A phantom (D:5)
  3 bullfrogs
  A scorpion (D:6)
  Dowan (D:7)
  3 wights (D:7)
  A vampire bat (D:5)
  3 hounds
  A jelly (D:7)
  2 orc priests
  A gnoll bouda (D:8)
  4 iguanas
  Natasha (thrice) (D:3)
  An orc wizard (D:6)
  5 gnolls (D:8)
  4 adders
  2 white imps (D:6)
  A worm (D:2)
  A dart slug (D:1)
  3 fire bats (D:5)
  15 orcs
  2 spectral bats (D:5)
  3 bat skeletons (D:5)
  A bat zombie (D:5)
  6 endoplasms
  5 giant cockroaches
  7 goblins
  5 hobgoblins
  7 jackals
  A kobold (D:1)
  3 quokkas
  4 ball pythons
  13 bats
  A bat simulacrum (D:5)
  4 rats
138 creatures vanquished.

Vanquished Creatures (others)
  A plant (D:6)
1 creature vanquished.

Grand Total: 139 creatures vanquished
